 Dungeon Crawl Stone Soup version 0.19.1 (webtiles) character file.

95 CanadianGator the Ducker (level 4, -7/34 HPs)
             Began as a Demonspawn Gladiator on Nov 29, 2016.
             Mangled by a gnoll
             ... wielding a cursed +0 whip
              (8 damage)
             ... on level 3 of the Dungeon.
             The game lasted 00:04:35 (1612 turns).

CanadianGator the Ducker (Demonspawn Gladiator)     Turns: 1612, Time: 00:04:36

Health: -7/34      AC:  5    Str: 15    XL:     4   Next: 40%
Magic:  0/4        EV: 12    Int: 15    God:
Gold:   98         SH:  0    Dex: 14    Spells: 0 memorised, 3 levels left

rFire  . . .     SeeInvis .     a - +0 quarterstaff
rCold  . . .     Gourm    .     j - +0 ring mail
rNeg   . . .     Faith    .     (shield currently unavailable)
rPois  .         Spirit   +     (helmet restricted)
rElec  .         Reflect  .     (no cloak)
rCorr  .         Harm     .     (no gloves)
MR     .....                    (no boots)
Stlth  +.........               e - amulet of guardian spirit
                                (no ring)
                                (no ring)

@: brilliant
A: antennae 1, magic shield
a: no special abilities


You were on level 3 of the Dungeon.
You were very hungry.

You visited 1 branch of the dungeon, and saw 3 of its levels.

You collected 98 gold pieces.

Inventory:

Hand Weapons
 a - a +0 quarterstaff (weapon)
Missiles
 d - 3 throwing nets (quivered)
Armour
 b - a +0 leather armour
 c - a +0 helmet
 j - a +0 ring mail (worn)
Jewellery
 e - an amulet of guardian spirit (around neck)
Scrolls
 h - a scroll of amnesia {unknown}
 m - a scroll of immolation {unknown}
 n - a scroll of fear {unknown}
 o - a scroll of random uselessness {unknown}
 p - 2 scrolls of enchant weapon {unknown}
 r - a scroll of identify {unknown}
Potions
 q - a potion of curing
Comestibles
 f - 2 bread rations
 g - 2 beef jerkies


   Skills:
 + Level 2.6 Fighting
 + Level 3.1 Staves
 + Level 2.4 Throwing
 + Level 1.5 Armour
 + Level 3.3 Dodging


You had 3 spell levels left.
You didn't know any spells.

Dungeon Overview and Level Annotations

Branches:
Dungeon (3/15)

Altars:


Innate Abilities, Weirdness & Mutations

You have a pair of small antennae on your head.
When hurt, damage is shared between your health and your magic reserves.


Message History

The gnoll hits you from afar with a spear!
* * * LOW HITPOINT WARNING * * *
You are too injured to fight recklessly!
You are too injured to fight recklessly!
You are too injured to fight recklessly!
You are too injured to fight recklessly!
You hit the gnoll.
The gnoll is almost dead.
The gnoll hits you with a whip.
* * * LOW HITPOINT WARNING * * *
The gnoll closely misses you. x2
You closely miss the gnoll.
The gnoll is almost dead.
The gnoll closely misses you.
You hit the gnoll but do no damage.
The gnoll is almost dead.
The gnoll hits you from afar with a spear.
* * * LOW HITPOINT WARNING * * *
The gnoll hits you with a whip!
You die...

#### #.. #.#
#@# .......
#g# .......
#g###$......
#gJ.........
#g###.......
##sg.#.......
#.KJ.g......#
##.##........#
#............#


You could see 4 gnolls, 2 oozes, a giant cockroach, a hobgoblin and a kobold.

Vanquished Creatures
  Robin (D:2)
  3 adders (D:2)
  A dart slug (D:2)
  4 bats
  4 giant cockroaches
  11 goblins
  7 hobgoblins
  4 jackals (D:2)
  A quokka (D:2)
  A ball python (D:2)
  3 frilled lizards
  7 kobolds
  4 rats
51 creatures vanquished.

Vanquished Creatures (others)
  A goblin (D:2)
1 creature vanquished.

Grand Total: 52 creatures vanquished

Notes
Turn   | Place    | Note
-------+----------+-------------------------------------------
     0 | D:1      | CanadianGator the Demonspawn Gladiator began the quest for the Orb.
     0 | D:1      | Reached XP level 1. HP: 16/16 MP: 1/1
   134 | D:1      | Gained mutation: You have a pair of small antennae on your head. [demonic ancestry]
   134 | D:1      | Reached XP level 2. HP: 21/22 MP: 2/2
   832 | D:2      | Reached XP level 3. HP: 22/27 MP: 3/3
   846 | D:2      | Reached skill level 1 in Armour
  1439 | D:2      | Gained mutation: When hurt, damage is shared between your health and your magic reserves. [demonic ancestry]
  1439 | D:2      | Reached XP level 4. HP: 15/34 MP: 4/4
  1459 | D:2      | Noticed Robin
  1491 | D:2      | Killed Robin
  1595 | D:2      | You fall through a shaft!
  1612 | D:3      | HP: 1/34 [gnoll/spear (3)]
  1612 | D:3      | Mangled by a gnoll

Skill      XL: |  1  2  3 |
---------------+----------+-----
Throwing       | 2 |  2.4
Staves         | 3 |  3.1
Dodging        | 3 |  3.3
Armour         | 1 |  1.5
Fighting       | |  2.6

Action                   |  1- 3 |  4- 6 || total
-------------------------+-------+-------++-------
Melee: Quarterstaff      |   121 |    47 ||   168
  Use: Potion            |       |     5 ||     5
  Eat: Chunk             |     1 |       ||     1
Armor: Leather armour    |     8 |       ||     8
       Ring mail         |    32 |    11 ||    43
       Skin              |       |    36 ||    36
Dodge: Dodged            |   102 |    36 ||   138
